AoeStats
← [YOBA]Ermak

Oasis

509957770Analyzed
2v2 RM · 3d ago on Sep 28, 2026· 63m 47s· 4 players
Game mode
Random Map
Map size
Medium (4 player)
Population
200
Speed
Normal
Resources
Standard
Victory
Conquest
Starting age
Dark Age
Ending age
Imperial Age
RankedLock teamsTeams togetherTeam positionsShared explorationLock speedFull tech treeHidden civsTurbo modeCheats
Victory
Defeat
🇲🇦 Khmer · Morocco
1295
+15
🇮🇹 Ethiopians · Italy
1205
+19
🇷🇺 Byzantines · Russia
1278
-17
1277
-17
[YOBA] ♂️CUM♂️BACK
0:41 Loom
11:17 Feudal Age
11:59 Double-Bit Axe
11:59 Horse Collar
19:02 Castle Age
16:59 Stone Mining
19:58 Heavy Plow
20:11 Bow Saw
21:10 Wheelbarrow
26:03 Gold Mining
32:14 Imperial Age
29:38 Town Watch
30:11 Hand Cart
30:40 Scale Mail Armor
30:51 Forging
31:57 Chain Mail Armor
31:10 Man-at-Arms
31:50 Squires
31:54 Anarchy
32:09 Long Swordsman
33:36 Iron Casting
33:24 Conscription
33:50 Guilds
33:10 Two-Handed Swordsman
34:05 Champion
35:50 Blast Furnace
34:41 Fletching
36:42 Caravan
37:07 Elite Huskarl
39:38 Perfusion
41:43 Chemistry
40:54 Masonry
40:11 Pikeman
41:31 Coinage
42:12 Two-Man Saw
41:45 Crop Rotation
41:05 Halberdier
44:51 Banking
48:53 Treadmill Crane
49:43 Architecture
52:16 Capped Ram
[YOBA]Ermak
1:38 Loom
12:06 Feudal Age
12:51 Double-Bit Axe
13:14 Horse Collar
20:44 Castle Age
19:04 Stone Mining
19:34 Gold Mining
21:00 Scale Barding Armor
22:54 Forging
24:13 Husbandry
25:14 Fletching
27:12 Chain Barding Armor
29:26 Wheelbarrow
30:39 Squires
31:00 Heavy Plow
31:40 Fortified Wall
32:06 Bow Saw
32:19 Ballistics
32:23 Pikeman
33:49 Bodkin Arrow
34:09 Murder Holes
35:53 Gold Shaft Mining
36:33 Iron Casting
36:09 Scale Mail Armor
37:06 Hand Cart
40:17 Imperial Age
37:30 Treadmill Crane
38:52 Stone Shaft Mining
38:25 Padded Archer Armor
38:39 Caravan
39:58 Chain Mail Armor
39:59 Leather Archer Armor
41:48 Plate Barding Armor
41:14 Bracer
41:44 Plate Mail Armor
40:54 Halberdier
41:48 Heavy Camel Rider
43:12 Conscription
44:43 Hoardings
44:48 Coinage
47:05 Light Cavalry
47:06 Cavalier
49:50 Elite Cataphract
50:34 Elite Skirmisher
51:34 Hussar
57:53 Thumb Ring
59:58 Onager
luca1997
2:30 Loom
12:52 Feudal Age
14:03 Horse Collar
14:44 Double-Bit Axe
18:03 Castle Age
20:34 Bow Saw
23:10 Heavy Plow
24:44 Wheelbarrow
23:58 Town Watch
26:05 Squires
25:53 Arson
26:13 Gold Mining
26:47 Hand Cart
29:08 Stone Mining
32:05 Imperial Age
30:42 Stone Shaft Mining
30:36 Scale Mail Armor
30:46 Forging
31:46 Chain Mail Armor
31:40 Royal Heirs
32:36 Gold Shaft Mining
33:15 Iron Casting
33:23 Conscription
33:08 Elite Shotel Warrior
34:49 Plate Mail Armor
35:54 Two-Man Saw
35:58 Blast Furnace
36:24 Heavy Scorpion
41:25 Murder Holes
45:03 Fortified Wall
49:22 Guilds
49:13 Caravan
56:00 Chemistry
54:24 Elite Skirmisher
58:16 Padded Archer Armor
58:07 Fletching
58:24 Scale Barding Armor
Starrk
12:01 Feudal Age
14:56 Castle Age
13:28 Double-Bit Axe
14:06 Horse Collar
21:17 Heavy Plow
22:14 Gold Mining
22:21 Stone Mining
23:27 Bow Saw
25:27 Gold Shaft Mining
25:30 Stone Shaft Mining
28:50 Imperial Age
28:24 Loom
30:52 Husbandry
32:32 Scale Barding Armor
33:39 Conscription
34:09 Chain Barding Armor
34:52 Wheelbarrow
34:03 Town Watch
35:05 Siege Engineers
35:21 Ballistics
36:44 Chemistry
35:57 Bloodlines
37:32 Double Crossbow
38:45 Chemistry
40:08 Plate Barding Armor
41:57 Elite Ballista Elephant
45:28 Forging
47:29 Light Cavalry
48:47 Iron Casting
53:15 Hand Cart
53:04 Town Patrol
53:58 Hussar
57:09 Caravan
60:20 Blast Furnace
59:11 Fletching
59:33 Masonry
59:19 Murder Holes
59:35 Fortified Wall
Connection lost

Rejoining the realm…

Still unreachable

The connection could not be restored.

Session expired

The server has moved on; the page needs a fresh start.